 Dungeon Crawl Stone Soup version 0.29.0-4-gdea44cf6ec (webtiles) character file.

Game seed: 10105754926274685867

73 apoch the Ducker (level 4, -2/31 HPs)
             Began as an Octopode Berserker on Aug 28, 2022.
             Was a Believer of Trog.
             Slain by a hobgoblin (6 damage)
             ... led by Robin
             ... on level 2 of the Dungeon.
             The game lasted 00:02:52 (1520 turns).

apoch the Ducker (Octopode Berserker)               Turns: 1520, Time: 00:02:53

Health: -2/31      AC:  1    Str: 16    XL:     4   Next: 27%
Magic:  4/4        EV: 14    Int:  9    God:    Trog [**....]
Gold:   64         SH:  0    Dex: 13    Spells: 3/3 levels left

rFire   . . .      SeeInvis .   a - +0 hand axe
rCold   . . .      Faith    .   (no shield)
rNeg    . . .      Spirit   .   (helmet restricted)
rPois   .          Reflect  .   (no amulet)
rElec   .          Harm     .   (no ring)
rCorr   .          Rampage  .   (no ring)
Will    ++...                   (no ring)
Stlth   +++.......              (no ring)
HPRegen 1.10/turn               (no ring)
MPRegen 0.09/turn               (no ring)
                                (no ring)
                                (no ring)

@: strong-willed, on berserk cooldown, regenerating, slowed, very slow
A: almost no armour, amphibious, 8 rings, camouflage 1, gelatinous body 1,
(nimble swimmer 1), tentacles
a: Renounce Religion, Berserk, Trog's Hand


You were on level 2 of the Dungeon.
You worshipped Trog.
Trog was pleased with you.
You visited 1 branch of the dungeon, and saw 2 of its levels.

You collected 64 gold pieces.

Inventory:

Hand Weapons
 a - a +0 hand axe (weapon)
Missiles
 d - 3 stones (quivered)
 g - 2 poisoned darts
Scrolls
 b - a scroll of identify {unknown}
 c - a scroll of brand weapon {unknown}
Potions
 f - a potion of mutation {unknown}


   Skills:
 + Level 3.5 Fighting
 + Level 3.5 Axes
 + Level 3.6 Dodging
 + Level 2.4 Stealth


You had 3 spell levels left.
You didn't know any spells.
Your spell library was empty.

Dungeon Overview and Level Annotations

Branches:
Dungeon (2/15)

Altars:

Shops:
D:1 :


Innate Abilities, Weirdness & Mutations

You cannot wear most types of armour.
You are amphibious.
You can wear up to eight rings at the same time.
Your skin changes colour to match your surroundings (Stealth+).
Your rubbery body absorbs attacks. (AC +1, EV +1)
((You are camouflaged when in or above water. (Stealth+)))
You have tentacles for arms and can constrict up to eight enemies at once.


Message History

The goblin completely misses you. The goblin misses you.
The hobgoblin hits you! The goblin hits you with a +0 dagger.
The goblin unwields a +0 dagger.
The goblin wields a +0 sling.
The goblin shoots a sling bullet.
The sling bullet hits you.
You closely miss the hobgoblin. Your grab misses the hobgoblin.
You hit the goblin.
You kill the goblin!
Trog accepts your kill.
You hit the goblin.
You kill the goblin!
Trog accepts your kill. The hobgoblin hits you.
The goblin shoots a sling bullet.
The sling bullet hits you but does no damage.
Robin hits you from afar with a +0 spear.
The hobgoblin closely misses you.
The goblin shoots a sling bullet.
The sling bullet misses you.
The sling bullet hits the hobgoblin.
Robin completely misses you. The hobgoblin barely misses you. x2
The goblin shoots a sling bullet.
The sling bullet closely misses you.
The sling bullet hits the hobgoblin.
The hobgoblin dies!
You barely miss Robin. You grab Robin. You squeeze Robin, but do no damage.
You barely miss the hobgoblin. You constrict Robin.
Robin completely misses you. The hobgoblin closely misses you.
The goblin shoots a sling bullet.
The sling bullet misses you. Robin hits you with a +0 spear!
* * * LOW HITPOINT WARNING * * *
The hobgoblin misses you.
Your skin crawls.
You feel strong-willed.
You constrict Robin.
The goblin shoots a sling bullet.
The sling bullet hits you.
* * * LOW HITPOINT WARNING * * *
Robin barely misses you. The hobgoblin barely misses you.
The goblin shoots a sling bullet.
The sling bullet closely misses you.
Unknown command.
It was a potion of magic.
Magic courses through your body.
You constrict Robin.
You kill Robin!
Trog accepts your kill. The hobgoblin hits you.
You die...

#.#. .......
#.#.##....$####
.............
#.#......##
#.........#
###.......# #)......#
##g).....#
##.@......#
##.#)......#####
#g##...........#
##.#.#.###.###.#
########.........##.#
#................##.#
#.#######...#.#.....#
#....<......#
######...#.#..#..##


You could see a hobgoblin (strong) and a goblin.

Vanquished Creatures
  Jessica (D:2)
  Robin (D:2)
  A worm (D:2)
  2 dart slugs (D:1)
  An endoplasm (D:1)
  2 giant cockroaches (D:1)
  11 goblins
  4 hobgoblins
  3 quokkas (D:1)
  4 ball pythons
  3 bats
  A frilled lizard (D:1)
  2 kobolds
  2 rats (D:1)
38 creatures vanquished.

Vanquished Creatures (others)
  A hobgoblin (D:2)
1 creature vanquished.

Grand Total: 39 creatures vanquished

Notes
Turn   | Place    | Note
-------+----------+-------------------------------------------
     0 | D:1      | apoch the Octopode Berserker began the quest for the Orb.
     0 | D:1      | Reached XP level 1. HP: 16/16 MP: 1/1
   111 | D:1      | Reached skill level 1 in Stealth
   111 | D:1      | Reached XP level 2. HP: 21/21 MP: 2/2
   532 | D:1      | Reached XP level 3. HP: 26/26 MP: 3/3
   620 | D:1      | Reached ** piety under Trog
   776 | D:1      | Found Eshru's Book Shop.
  1302 | D:2      | Noticed Jessica
  1308 | D:2      | Killed Jessica
  1309 | D:2      | Reached XP level 4. HP: 15/31 MP: 4/4
  1503 | D:2      | Noticed Robin
  1520 | D:2      | Killed Robin
  1520 | D:2      | Slain by a hobgoblin

Illustrated notes

Levels and vault maps discovered:
D:1:      minmay_arrival_split_and_join, layout_basic, serial_shops, shop
D:2:      layout_loops_ring, chequers_serial_rivers_small_b,
          serial_bayou_lagoon_a, grunt_ministairs_12,
          hangedman_decor_diamond_cutter, st_stairs_14, uniq_robin,
          uniq_terence, uniq_jessica

Skill      XL: |  1  2  3 |
---------------+----------+-----
Stealth        | 1 2 |  2.4
Fighting       | |  3.5
Axes           | |  3.5
Dodging        | |  3.6

Action                   |  1- 3 |  4- 6 || total
-------------------------+-------+-------++-------
Melee: Hand axe          |    54 |    12 ||    66
       Constrict         |    17 |     5 ||    22
       Tentacles         |    14 |     4 ||    18
       Punch             |     1 |       ||     1
Invok: Berserk           |       |     1 ||     1
       Trog's Hand       |       |     1 ||     1
  Use: Potion            |       |     1 ||     1
 Stab: Sleeping          |    11 |       ||    11
Armor: Skin              |     4 |     4 ||     8
Dodge: Dodged            |    32 |    29 ||    61
